 Dungeon Crawl Stone Soup version 0.32-a0-136-gc02482bde3 (webtiles) character file.

Game seed: 1715674229199135695

70011 pigah the Impaler (level 15, -3/162 (167) HPs)
             Began as an Oni Cinder Acolyte on Feb 10, 2024.
             Was an Initiate of Ignis.
             Slain by a +6 glaive of chaos (34 damage)
             ... on level 5 of the Lair of Beasts.
             The game lasted 00:45:39 (26454 turns).

pigah the Impaler (Oni Cinder Acolyte)             Turns: 26454, Time: 00:45:40

HP:   -3/162 (167)  AC: 17    Str: 24    XL:     15   Next: 31%
MP:   26/26         EV: 12    Int: 23    God:    Ignis [......]
Gold: 2775          SH:  0    Dex:  6    Spells: 23/29 levels left

rFire   . . .        b - +5 bardiche (venom)
rCold   + + .        (shield currently unavailable)
rNeg    . . .        E - +0 ice dragon scales
rPois   .            R - +0 hat {Will+}
rElec   +            y - +0 cloak
rCorr   .            (gloves unavailable)
SInv    .            (boots unavailable)
Will    ++...        K - amulet "Durcho" {Acrobat rElec Int+6} Stlth
                     P - +4 ring of protection
HPRegen 0.47/turn    G - +5 ring of evasion
MPRegen 0.20/turn

%: acrobat
@: lethally poisoned (-3 -> -39), lightly drained
A: large, unfitting armour, horns 1, tough skin 1, double potion healing,
drunken brawling
a: Renounce Religion, Rising Flame


You were on level 5 of the Lair of Beasts.
You worshipped Ignis.
Ignis was noncommittal.
You visited 2 branches of the dungeon, and saw 17 of its levels.
You also visited: Ossuary, Bailey, Gauntlet and Volcano.

You collected 2775 gold pieces.

Inventory:

Hand Weapons
 a - a +3 trident
 b - a +5 bardiche of venom (weapon)
 D - a +2 halberd of protection
Missiles
 L - 4 throwing nets
Armour
 y - a +0 cloak (worn)
 E - +0 ice dragon scales (worn)
 Q - +0 acid dragon scales
 R - a +0 hat of willpower (worn)
 U - the +5 robe of Night {Dark Will+ SInv}
   (You acquired it on level 2 of the Lair of Beasts)

   Dark:      It shrouds the wearer in darkness, reducing the range at which
   they can see and be seen by others.
   Will+:     It increases your willpower.
   SInv:      It lets you see invisible.
 X - a +0 tower shield of cold resistance
 Z - +0 fire dragon scales
Jewellery
 d - a ring of see invisible
 r - an amulet of the acrobat
 w - the ring "Jewin" {rC+ Int+4}
   (You found it in a Gauntlet)

   [ring of protection from cold]

   Int+4:     It affects your intelligence (+4).
   rC+:       It protects you from cold.
 x - an amulet of guardian spirit
 z - a ring of protection from fire
 G - a +5 ring of evasion (right hand)
 J - a +6 ring of strength
 K - the amulet "Durcho" (around neck) {Acrobat rElec Int+6}
   (You found it on level 3 of the Lair of Beasts)

   [amulet of the acrobat]

   Acrobat:   It increases your evasion while moving and waiting.
   Int+6:     It affects your intelligence (+6).
   rElec:     It insulates you from electricity.
 P - a +4 ring of protection (left hand)
 W - a +5 ring of evasion
Wands
 p - a wand of paralysis (19)
 A - a wand of mindburst (3)
 F - a wand of digging (14)
 I - a wand of iceblast (27)
 O - a wand of polymorph (8)
 S - a wand of acid (15)
 V - a wand of flame (36)
Scrolls
 c - 2 scrolls of blinking
 f - a scroll of poison
 i - 5 scrolls of teleportation
 j - 3 scrolls of revelation
 k - 6 scrolls of fog
 s - 2 scrolls of fear
 t - 4 scrolls of amnesia
 N - 4 scrolls of immolation
 T - a scroll of brand weapon
Potions
 e - 3 potions of enlightenment
 g - 2 potions of attraction
 h - 5 potions of magic
 l - 2 potions of curing
 m - 5 potions of lignification
 n - 2 potions of cancellation
 o - a potion of resistance
 q - 5 potions of brilliance
 u - 8 potions of haste
 v - a potion of ambrosia
 B - a potion of mutation
 C - 4 potions of invisibility
 H - 3 potions of might
 Y - a potion of heal wounds


   Skills:
 + Level 15.1 Fighting
 + Level 18.5 Polearms
 + Level 6.2 Armour
 + Level 7.9 Spellcasting
 * Level 12.0 Fire Magic


You had 23 spell levels left.
You knew the following spells:

 Your Spells              Type           Power      Damage    Failure   Level
a - Scorch                Fire           100%       2d9       1%          2
b - Sticky Flame          Fire/Alch      36%        2d8       16%         4

Your spell library contained the following spells:

 Spells                   Type           Power      Damage    Failure   Level
 Foxfire                  Conj/Fire      100%       2x1d9     1%          1
 Volatile Blastmotes      Fire/Tloc      72%        2d16      4%          3
 Ignite Poison            Fire/Alch      36%        N/A       16%         4
 Apportation              Tloc           18%        N/A       19%         1
 Freeze                   Ice            36%        1d5       19%         1
 Magic Dart               Conj           36%        1d4       19%         1
 Necrotise                Necr           36%        1d5       19%         1
 Sandblast                Erth           18%        2d7       19%         1
 Shock                    Conj/Air       36%        1d5       19%         1
 Sting                    Conj/Alch      36%        1d5       19%         1
 Summon Small Mammal      Summ           36%        N/A       19%         1
 Blink                    Tloc           18%        N/A       28%         2
 Call Imp                 Summ           18%        N/A       28%         2
 Jinxbite                 Hex            18%        N/A       28%         2
 Call Canine Familiar     Summ           9%         N/A       50%         3
 Dazzling Flash           Conj/Hex       18%        N/A       50%         3
 Frozen Ramparts          Ice            18%        1d3       50%         3
 Hailstorm                Conj/Ice       9%         3d6       50%         3
 Passwall                 Erth           9%         N/A       50%         3
 Sigil of Binding         Hex            9%         N/A       50%         3
 Stone Arrow              Conj/Erth      18%        3d8       50%         3
 Swiftness                Air            9%         N/A       50%         3
 Airstrike                Air            4%         2d(1-17)  88%         4
 Brom's Barrelling Bould  Conj/Erth      9%         2d3       88%         4
 Dimensional Bullseye     Hex/Tloc       4%         N/A       88%         4
 Leda's Liquefaction      Alch/Erth      4%         N/A       88%         4
 Vhi's Electric Charge    Tloc/Air       18%        N/A       88%         4
 Plasma Beam              Fire/Air       18%        2x1d29    94%         6
 Starburst                Conj/Fire      18%        6d7       94%         6
 Alistair's Intoxication  Alch           6%         N/A       99%         5
 Arcjolt                  Conj/Air       4%         1d14      99%         5
 Freezing Cloud           Conj/Ice/Air   4%         6-21      99%         5
 Lee's Rapid Deconstruct  Erth           4%         3d5*      99%         5
 Bombard                  Conj/Erth      4%         9d2       100%        6
 Dispersal                Tloc           4%         N/A       100%        6
 Ignition                 Fire           29%        3d9       100%        8
 Maxwell's Capacitive Co  Air            4%         ∞         100%        8


Dungeon Overview and Level Annotations

Branches:
Dungeon (12/15)            Temple (0/1) D:7            Lair (5/5) D:11
  Swamp (0/4) Lair:3        Snake (0/4) Lair:2        Slime (0/5) Lair:4
    Orc (0/2) D:11        Ossuary (visited)          Bailey (visited)
Volcano (visited)         Gauntlet (visited)

Altars:
Ashenzari
Fedhas
Makhleb
Okawaru
Ru
Sif Muna
Uskayaw
Xom
Yredelemnul

Annotations:
Lair:5 Gryn's ghost, journeyman FoHu


Innate Abilities, Weirdness & Mutations

You are too large for most types of armour.
You have a pair of small horns on your head.
You have tough skin. (AC +1)
You gain doubled healing and magic from potions.
Whenever you drink a healing potion, you attack all around you.


Message History

You feel sick.
You are no longer poisoned.
Your surroundings suddenly seem different.
Your attacks no longer feel as feeble.
You start to feel less resistant.
Your resistance to elements expires.
You feel a little less mighty now.
A +6 glaive of chaos is nearby!
Press: ? - help, v - describe, . - travel
Here: a +6 glaive of chaos (wandering, hasn't noticed you)
The floor.
The +6 glaive of chaos completely misses you.
You reach to attack!
You completely miss the +6 glaive of chaos.
The +6 glaive of chaos hits you from afar!!
The +6 glaive of chaos burns you.
You reach to attack!
You closely miss the +6 glaive of chaos.
The +6 glaive of chaos hits you from afar!!
The +6 glaive of chaos freezes you.
You reach to attack!
You closely miss the +6 glaive of chaos.
The +6 glaive of chaos hits you from afar!!
You are poisoned.
The +6 glaive of chaos hits you from afar!
You are more poisoned.
You are too injured to fight recklessly!
You are too injured to fight recklessly!
Unknown command.
You feel extremely sick. The +6 glaive of chaos hits you!!
* * * LOW HITPOINT WARNING * * *
The +6 glaive of chaos burns you.
* * * LOW HITPOINT WARNING * * *
You closely miss the +6 glaive of chaos.
* * * LOW HITPOINT WARNING * * *
You feel extremely sick. The +6 glaive of chaos hits you!!
You die...
Ignis goes out, and joins you in death.

......W## #......................
......#.# ##..#......P............
##....÷## #...P...................
/#......####.......................
_'.......P#...........^............
.#...............#........#...#....
##.....#.........#.#..........##...
.##....#........P....###......###.#
.##..............@....##......###..
####............(....######.......#
.#.#.............##...####........#
....................)#.##..........
......P.........................#..
...#............#.............####.
...P...........###...........##.#..
..........#...#..............#.....
#.........#........................


You could see a +6 glaive of chaos.

Vanquished Creatures
  Gastronok (Lair:1)
  A minotaur (Gauntlet)
  2 fire dragons
  The ghost of Esekla the Covert, a journeyman OpDe of Gozag (Lair:1)
  3 hydras
  Harold (Lair:2)
  An anaconda (Lair:5)
  4 two-headed ogres
  A boulder beetle (Lair:5)
  4 death yaks (Lair:3)
  2 hell hogs
  Urug (Lair:1)
  4 sun demons (Volcano)
  Nergalle (Lair:2)
  A skyshark (Lair:4)
  A bog body (Lair:3)
  A lindwurm (Lair:5)
  An orc knight (Bailey)
  Pikel (D:7)
  A cyclops (D:12)
  2 manticores
  A moth of wrath (Gauntlet)
  9 elephants
  4 black mambas
  An ice statue (Lair:3)
  3 smoke demons (Volcano)
  6 torpor snails
  12 komodo dragons
  An unseen horror (D:12)
  2 rime drakes
  2 freezing wraiths (Lair:3)
  2 ice devils (Lair:3)
  15 cane toads
  2 trolls
  4 tyrant leeches (Lair:5)
  7 hornets
  Prince Ribbit (D:9)
  19 blink frogs
  12 polar bears
  4 raiju (Lair:5)
  11 dream sheep
  A ynoxinul (Gauntlet)
  A wraith (D:11)
  4 wargs (Lair:5)
  Eustachio (D:6)
  45 yaks
  3 wyverns
  2 fire bats (Gauntlet)
  2 basilisks
  7 steam dragons
  Menkaure (D:7)
  A naga (Lair:2)
  16 hell hounds
  An acid dragon (D:11)
  17 water moccasins
  11 orc warriors
  An ice beast (D:5)
  12 black bears
  An ogre (D:5)
  3 centaurs
  28 wolves
  2 lemures
  A phantom (D:7)
  A kobold brigand (D:7)
  11 bullfrogs
  2 gnoll sergeants
  11 scorpions
  3 wights (D:7)
  6 killer bees (D:9)
  An electric eel (Lair:1)
  7 howler monkeys
  6 crimson imps (D:11)
  6 jellies
  4 centaur zombies (Ossuary)
  7 orc priests
  A bombardier beetle (D:5)
  A hound (D:5)
  2 iron imps (Gauntlet)
  A sleepcap (D:8)
  6 iguanas
  5 scorpion zombies (Ossuary)
  10 orc wizards
  A wolf simulacrum (Lair:3)
  A troll simulacrum (Lair:3)
  4 mummies
  17 gnolls
  7 adders
  A naga simulacrum (Lair:3)
  2 shadow imps
  6 white imps
  3 ufetubi (D:5)
  3 dart slugs
  A ribbon worm (D:2)
  47 orcs
  5 bats
  16 endoplasms
  2 giant cockroaches
  3 gnoll zombies (Ossuary)
  6 goblins
  6 hobgoblins
  8 jackals
  A quokka (D:5)
  7 ball pythons
  A ball python zombie (Ossuary)
  5 frilled lizards
  2 jackal zombies (Ossuary)
  17 kobolds
  2 kobold zombies (D:4)
  6 rats
585 creatures vanquished.

Vanquished Creatures (others)
  48 foxfires
48 creatures vanquished.

Grand Total: 633 creatures vanquished

Notes
Turn   | Place    | Note
-------+----------+-------------------------------------------
     0 | D:1      | pigah the Oni Cinder Acolyte began the quest for the Orb.
     0 | D:1      | Reached XP level 1. HP: 24/24 MP: 2/2
   155 | D:1      | Reached XP level 2. HP: 29/32 MP: 3/3
   222 | D:1      | Learned a level 2 spell: Scorch
   425 | D:1      | Reached XP level 3. HP: 39/39 MP: 5/5
   858 | D:2      | Found a faded altar of an unknown god.
  1249 | D:2      | Reached XP level 4. HP: 48/48 MP: 6/6
  1266 | D:2      | Reached skill level 4 in Polearms
  1657 | D:2      | Reached XP level 5. HP: 55/55 MP: 1/7
  1713 | D:2      | Found an iron altar of Okawaru.
  1713 | D:2      | Found a burning altar of Makhleb.
  1713 | D:2      | Found a basalt altar of Yredelemnul.
  1713 | D:2      | Found a shimmering blue altar of Sif Muna.
  1713 | D:2      | Found a burning altar of Makhleb.
  1713 | D:2      | Found a basalt altar of Yredelemnul.
  2851 | D:4      | Reached skill level 5 in Polearms
  2858 | D:4      | Reached XP level 6. HP: 29/63 MP: 1/9
  2965 | D:4      | Found a sand-covered staircase.
  3032 | Ossuary  | Entered an ossuary
  3355 | Ossuary  | Reached skill level 5 in Fighting
  3355 | Ossuary  | Reached XP level 7. HP: 28/72 MP: 2/11
  3575 | Ossuary  | Reached skill level 6 in Polearms
  3981 | Ossuary  | Reached skill level 5 in Fire Magic
  4084 | Ossuary  | Reached XP level 8. HP: 74/80 MP: 2/13
  4770 | D:4      | Found a sacrificial altar of Ru.
  5278 | D:5      | Entered Level 5 of the Dungeon
  5464 | D:5      | Reached skill level 7 in Polearms
  6070 | D:5      | Reached skill level 5 in Spellcasting
  6377 | D:5      | Reached XP level 9. HP: 37/89 MP: 13/16
  7103 | D:6      | Noticed Eustachio
  7119 | D:6      | Killed Eustachio
  7120 | D:6      | Reached skill level 8 in Polearms
  7244 | D:6      | Found a burning altar of Makhleb.
  7393 | D:7      | Noticed Pikel
  7476 | D:7      | Found a flagged portal.
  7490 | Bailey   | Entered a bailey
  7839 | Bailey   | Reached skill level 9 in Polearms
  8100 | Bailey   | Noticed an orc knight
  8136 | Bailey   | Killed an orc knight
  8297 | Bailey   | Reached XP level 10. HP: 60/100 MP: 17/19
  8760 | D:6      | Reached skill level 10 in Polearms
  8864 | D:7      | Killed Pikel
  8977 | D:7      | Noticed Menkaure
  8984 | D:7      | Killed Menkaure
  9219 | D:7      | Paralysed by a hornet for 3 turns
  9480 | D:7      | Found a staircase to the Ecumenical Temple.
  9703 | D:8      | Found a broken altar of Ashenzari.
  9885 | D:8      | Reached skill level 11 in Polearms
 10205 | D:8      | Found a hide-covered altar of Uskayaw.
 10616 | D:9      | Noticed Prince Ribbit
 10883 | D:9      | Reached skill level 12 in Polearms
 10891 | D:9      | Killed Prince Ribbit
 10892 | D:9      | Reached XP level 11. HP: 46/111 MP: 20/20
 11130 | D:9      | Noticed a two-headed ogre
 11152 | D:9      | Killed a two-headed ogre
 11395 | D:9      | Noticed a two-headed ogre
 11403 | D:9      | Killed a two-headed ogre
 11924 | D:9      | Reached skill level 13 in Polearms
 12242 | D:9      | Identified the +0 plate armour of Ibeteqede {*Corrode rC+
                  | rN+ Regen+}
 12388 | D:10     | Entered Level 10 of the Dungeon
 12602 | D:10     | Identified the +5 flail of the Maze {heavy, rElec rPois
                  | MP+9}
 12645 | D:10     | Found a blossoming altar of Fedhas.
 13360 | D:11     | Found a staircase to the Orcish Mines.
 13382 | D:11     | Noticed a two-headed ogre
 13391 | D:11     | Killed a two-headed ogre
 13440 | D:11     | Noticed a two-headed ogre
 13459 | D:11     | Killed a two-headed ogre
 13636 | D:11     | Noticed a manticore
 13641 | D:11     | Killed a manticore
 13642 | D:11     | Reached skill level 14 in Polearms
 13799 | D:11     | Reached XP level 12. HP: 48/126 MP: 21/21
 14051 | D:11     | Found a staircase to the Lair.
 14201 | D:11     | You fall into a shaft and drop 1 floor!
 14242 | D:12     | Reached skill level 10 in Fighting
 14832 | Lair:1   | Entered Level 1 of the Lair of Beasts
 14833 | Lair:1   | Noticed Gastronok
 14993 | Lair:1   | Killed Gastronok
 14994 | Lair:1   | Reached skill level 15 in Polearms
 15345 | Lair:1   | Reached skill level 1 in Armour
 16183 | Lair:1   | Found a runed translucent gate.
 16186 | Lair:1   | Found a runed translucent gate.
 16187 | Lair:1   | Found a runed translucent gate.
 16187 | Lair:1   | Noticed Esekla's ghost (journeyman OpDe)
 16203 | Lair:1   | Killed Esekla's ghost
 16418 | Lair:1   | Reached XP level 13. HP: 99/137 MP: 23/23
 16570 | Lair:1   | Reached skill level 16 in Polearms
 16647 | Lair:1   | Noticed Urug
 16660 | Lair:1   | Killed Urug
 17080 | Lair:2   | Identified 3 scrolls of acquirement
 17080 | Lair:2   | Acquired 513 gold pieces
 17082 | Lair:2   | Acquired a +5 bardiche of venom
 17083 | Lair:2   | Acquired the +5 robe of Night {Dark Will+ SInv}
 17083 | Lair:2   | Found the +5 robe of Night {Dark Will+ SInv}
 17317 | Lair:2   | Noticed Harold
 17332 | Lair:2   | Killed Harold
 17365 | Lair:2   | Reached skill level 10 in Fire Magic
 17455 | Lair:2   | Found a dark tunnel.
 17464 | Volcano  | Entered a volcano
 17754 | Volcano  | HP: 7/140 [smoke demon/divine providence (12)]
 18331 | Volcano  | Noticed a fire dragon
 18348 | Volcano  | Killed a fire dragon
 18691 | Lair:2   | Noticed Nergalle
 18711 | Lair:2   | Killed Nergalle
 18945 | Lair:2   | Found a staircase to the Snake Pit.
 19798 | Lair:3   | Found a gate leading to a gauntlet.
 19805 | Gauntlet | Entered a Gauntlet
 19805 | Gauntlet | Found a transporter.
 19805 | Gauntlet | Found a runed translucent door.
 19883 | Gauntlet | Found a transporter.
 19886 | Gauntlet | Found a transporter.
 19894 | Gauntlet | Found a transporter.
 19897 | Gauntlet | Found a transporter.
 19906 | Gauntlet | Found a transporter.
 19945 | Gauntlet | Found a runed translucent door.
 19968 | Gauntlet | Found a transporter.
 20016 | Gauntlet | Found a transporter.
 20038 | Gauntlet | Found a transporter.
 20038 | Gauntlet | Found a transporter.
 20051 | Gauntlet | Found a transporter.
 20051 | Gauntlet | Found a transporter.
 20163 | Gauntlet | Identified the ring "Jewin" {rC+ Int+4}
 20412 | Gauntlet | Noticed a minotaur
 20418 | Gauntlet | Killed a minotaur
 20419 | Gauntlet | Reached XP level 14. HP: 133/153 MP: 25/25
 20423 | Gauntlet | Identified the +4 broad axe of Yschor {protect, +Blink
                  | Dex+3}
 20424 | Gauntlet | Got the Codex of Freezing and Locality
 20689 | Lair:3   | Identified the amulet "Durcho" {Acrobat rElec Int+6}
 20700 | Lair:3   | Reached skill level 17 in Polearms
 20869 | Lair:3   | Found a staircase to the Swamp.
 21988 | Lair:4   | Found a staircase to the Slime Pits.
 22056 | Lair:4   | Learned a level 4 spell: Sticky Flame
 22240 | Lair:4   | Identified the +2 robe "Suefegeo" {rPois Regen+ Stlth+}
 22851 | Lair:5   | Entered Level 5 of the Lair of Beasts
 23015 | Lair:5   | Found a runed translucent door.
 23017 | Lair:5   | Found a shimmering altar of Xom.
 23017 | Lair:5   | Noticed Gryn's ghost (journeyman FoHu)
 23077 | Lair:5   | Reached skill level 5 in Armour
 23770 | Lair:5   | Reached skill level 18 in Polearms
 24074 | Lair:5   | Reached XP level 15. HP: 97/165 MP: 26/26
 24598 | Lair:5   | Identified the maw talisman "Viqixaa" {rElec Int+3}
 25425 | Lair:5   | Reached skill level 15 in Fighting
 26454 | Lair:5   | Slain by a +6 glaive of chaos

Illustrated notes

Levels and vault maps discovered:
D:1:      scummos_arrival_hexagon, layout_basic, chequers_serial_rivers_micro_c,
          grunt_decor_fettered, grunt_decor_cap, hex_tiny,
          hangedman_decor_lopped, minmay_door_square, st_stairs_5,
          chequers_serial_rivers_micro_e, hangedman_decor_points,
          minmay_pentomino_s2
D:2:      cheibrodos_fertilizer, layout_loops_ring, nicolae_ecumenical_oubliette
D:3:      layout_basic
D:4:      layout_gridville, mainiacjoe_overflow_surrounded_room,
          nicolae_ossuary_entry_giza, nicolae_elevator_lobby_asterisk
D:5:      layout_loops_ring, minmay_bent
D:6:      layout_basic, lightli_temple_of_fire, uniq_eustachio
D:7:      layout_rooms, minmay_temple_entry_statues_pillars, enter_bailey_2,
          uniq_pikel, uniq_menkaure
D:8:      layout_basic, mainiacjoe_overflow_cross_hatched,
          nicolae_ashenzari_skybound
D:9:      layout_long_grid, uniq_prince_ribbit1
D:10:     cheibrodos_steamvent, layout_small_grid, fedhas_altar_4,
          nicolae_straight_to_the_point
D:11:     layout_rooms, minmay_lair_entry_grove, minmay_nine_imps
D:12:     lemuel_flame_loot_2, layout_long_grid, uniq_fannar, uniq_kirke
Lair:1:   layout_chaotic_city, ebering_ghost_rock_garden, wad_woods_road_01,
          nicolae_quartered_pool_little, grunt_megastairs_4, uniq_gastronok,
          uniq_urug
Lair:2:   layout_regular_city, guppyfry_snake_entry_garden, enter_volcano_4,
          hibernation_bobbens, uniq_harold, uniq_nergalle
Lair:3:   dreamdust_isle_of_ice, layout_regular_city, skrybe_swamp_entry_bodies,
          gauntlet_entry_generic, lemuel_fruit_fields
Lair:4:   layout_loops_ring, slime_entry_1
Lair:5:   hangedman_lair_caniforms_friends, layout_layer_cave, wormcave,
          ebering_ghost_xom, serial_bayou_shore_b, lemuel_fruit_tree,
          serial_bayou_shore_b

Skill      XL: |  1  2  3  4  5  6  7  8  9 10 11 12 13 14 15 |
---------------+----------------------------------------------+-----
Fire Magic     | 3 4 5 6 7 8 9 10 11 12 | 12.0
Polearms       | 4 5 6 7 9 12 14 15 16 18 | 18.5
Spellcasting   | 2 3 5 6 7 |  7.9
Fighting       | 5 6 8 9 11 13 14 15 | 15.1
Armour         | 2 3 5 6 |  6.2

Action                     |  1- 3 |  4- 6 |  7- 9 | 10-12 | 13-15 || total
---------------------------+-------+-------+-------+-------+-------++-------
  Melee: Spear             |    96 |   147 |   182 |       |       ||   425
         Headbutt          |     7 |    16 |    41 |   115 |   140 ||   319
         Punch             |       |     2 |    11 |       |     2 ||    15
         Halberd           |       |       |   215 |   713 |   195 ||  1123
         Bardiche          |       |       |       |       |   640 ||   640
         Trident           |       |       |       |       |    38 ||    38
   Cast: Scorch            |     2 |    22 |    77 |    20 |    12 ||   133
 Invoke: Foxfire Swarm     |       |       |     1 |       |     2 ||     3
         Fiery Armour      |       |       |       |     1 |     7 ||     8
  Evoke: Wand              |       |       |     1 |     2 |       ||     3
    Use: Potion            |       |     2 |     1 |     3 |    13 ||    19
         Scroll            |       |       |     9 |    11 |    14 ||    34
   Stab: Paralysed         |       |       |     6 |       |       ||     6
         Distracted        |       |       |       |       |     1 ||     1
 Armour: Robe              |    31 |    87 |   270 |     7 |   194 ||   589
         Ice dragon scales |       |       |       |   522 |   548 ||  1070
         Acid dragon scale |       |       |       |       |    10 ||    10
  Dodge: Dodged            |    21 |    71 |   183 |   243 |   564 ||  1082

Table legend: (Time is in decaauts)
 A = Elapsed time spent in this place.
 B = Non-inter-level travel time spent in this place.
 C = Inter-level travel time spent in this place.
 D = Time resting spent in this place.
 E = Time spent auto-exploring this place.
 F = Levels seen in this place.
 G = Mean time per level.
                   A        B        C        D        E       F      G
               +--------+--------+--------+--------+--------+-----+--------+
         Total |  26245 |  25390 |    855 |   1857 |  18989 |  21 | 1249.8 |
       Dungeon |  12193 |  11473 |    720 |    380 |   9180 |  12 | 1016.1 |
          Lair |   9717 |   9582 |    135 |    667 |   7081 |   5 | 1943.4 |
       Ossuary |   1411 |   1411 |      0 |    203 |    908 |   1 | 1411.0 |
        Bailey |   1253 |   1253 |      0 |    174 |    819 |   1 | 1253.0 |
       Volcano |   1047 |   1047 |      0 |    191 |    750 |   1 | 1047.0 |
      Gauntlet |    621 |    621 |      0 |    241 |    250 |   1 |  621.0 |
               +--------+--------+--------+--------+--------+-----+--------+

Top non-repeatable levels by time:
  Lair:5: 3585 daAuts
  Lair:1: 1972 daAuts
     D:9: 1555 daAuts
  Lair:3: 1542 daAuts
  Lair:2: 1501 daAuts
 Ossuary: 1411 daAuts
     D:5: 1374 daAuts
     D:2: 1290 daAuts
  Bailey: 1253 daAuts
     D:8: 1223 daAuts
    D:11: 1210 daAuts
  Lair:4: 1115 daAuts
 Volcano: 1047 daAuts
     D:4: 996 daAuts
    D:10: 955 daAuts
